 Dungeon Crawl Stone Soup version 0.29-a0-284-gf9362112df (webtiles) character file.

Game seed: 15039715854340524146

9 sokol815 the Sneak (level 2, -7/20 HPs)
             Began as a Gargoyle Delver on Mar 25, 2022.
             Splashed by a jelly's acid (9 damage)
             ... on level 4 of the Dungeon.
             The game lasted 00:01:33 (687 turns).

sokol815 the Sneak (Gargoyle Delver)                 Turns: 687, Time: 00:01:33

Health: -7/20      AC:  1    Str: 15    XL:     2   Next: 12%
Magic:  2/2        EV: 11    Int: 10    God:
Gold:   19         SH:  0    Dex: 11    Spells: 1/1 levels left

rFire   . . .      SeeInvis .   a - +0 hand axe
rCold   . . .      Faith    .   (no shield)
rNeg    + . .      Spirit   .   b - +0 leather armour
rPois   ∞          Reflect  .   (no helmet)
rElec   +          Harm     .   (no cloak)
rCorr   .          Rampage  .   (no gloves)
Will    .....                   (no boots)
Stlth   +++.......              (no amulet)
HPRegen 0.06/turn               (no ring)
MPRegen 0.08/turn               (no ring)

@: corroded
A: sickness immunity, AC +2, negative energy resistance 1, electricity
resistance, torment resistance 1, petrification resistance
a: no special abilities


You were on level 4 of the Dungeon.
You visited 1 branch of the dungeon, and saw 2 of its levels.

You collected 19 gold pieces.

Inventory:

Hand Weapons
 a - a +0 hand axe (weapon)
Armour
 b - a +0 leather armour (worn)
Wands
 d - a wand of digging (3)
Scrolls
 c - a scroll of fog
 e - a scroll of enchant armour {unknown}
 X - a scroll of magic mapping {@r4!r}


   Skills:
 * Level 3.7 Fighting
 + Level 2.0 Axes
 - Level 1.5 Dodging
 - Level 5.4 Stealth


You had one spell level left.
You didn't know any spells.
Your spell library contained the following spells:

 Spells                   Type           Power      Damage    Failure   Level
 Inner Flame              Hex/Fire       0%         N/A       80%         3
 Cause Fear               Hex            0%         N/A       99%         4
 Discord                  Hex            0%         N/A       100%        8


Dungeon Overview and Level Annotations

Branches:
Dungeon (5/15)
 Temple: D:4-7

Altars:

Shops:
D:5 (


Innate Abilities, Weirdness & Mutations

You are immune to sickness and miasma.
Your stone body is resilient. (AC +2)
You are immune to poison.
You resist negative energy. (rN+)
You are resistant to electric shocks. (rElec)
You are resistant to unholy torment.
You are immune to petrification.


Message History

The jackal bites you.
* * * LOW HITPOINT WARNING * * *
You have reached level 2!
MP restored: 2 You close the door.
You closely miss the jackal. The jackal barely misses you. x2
You completely miss the jackal.
The jackal bites you but does no damage.
You barely miss the jackal. The jackal barely misses you.
You hit the jackal but do no damage.
The jackal bites you but does no damage.
You closely miss the jackal.
The jackal bites you but does no damage.
You hit the jackal.
You kill the jackal!
e - a scroll labelled FUCOEF UTIYKA You start resting.
Your extra speed is starting to run out.
You start resting.
You feel yourself slow down.
You start resting.
Health restored: 20
Okay, then.
You open the door.
There is an open door here.
The ufetubus shouts!
The ufetubus hits you. The ufetubus misses you.
You take 1 damage, and have 19/20 hp.
An adder and a jackal come into view.
You see here a book of Hexes.
You pick up a book of Hexes and begin reading...
You add the spells Inner Flame, Cause Fear and Discord to your library.
The ufetubus barely misses you. x2
The ufetubus hits you but does no damage. x2
The ufetubus hits you. The ufetubus barely misses you.
You take 2 damage, and have 17/20 hp.
The ufetubus attacks as you move away! The ufetubus barely misses you.
The ufetubus hits you.
The ufetubus hits you but does no damage.
The ufetubus closely misses you.
You take 1 damage, and have 16/20 hp.
The ufetubus hits you but does no damage. x2
There is a stone staircase leading up here.
The ufetubus barely misses you. The ufetubus completely misses you.
The ufetubus barely misses you. The ufetubus hits you.
You climb upwards.
There is a stone staircase leading down here.
You take 3 damage, and have 13/20 hp.
You closely miss the ufetubus. The ufetubus hits you.
The ufetubus closely misses you. The ufetubus hits you.
The ufetubus barely misses you.
You take 3 damage, and have 10/20 hp.
You closely miss the ufetubus. The ufetubus barely misses you.
The ufetubus closely misses you.
You closely miss the ufetubus. The ufetubus barely misses you.
The ufetubus misses you.
The ufetubus hits you but does no damage.
The ufetubus hits you.
You take 2 damage, and have 8/20 hp.
You miss the ufetubus. The ufetubus barely misses you. The ufetubus hits you.
The ufetubus hits you but does no damage.
The ufetubus hits you.
* * * LOW HITPOINT WARNING * * *
You take 5 damage, and have 3/20 hp.
MASSIVE DAMAGE!!
You aren't carrying any potions.
Unknown command.
You aren't carrying any potions.
As you read the scroll of fear, it crumbles to dust.
You assume a fearsome visage.
The ufetubus looks frightened!
You start resting.
Health restored: 20 You now have 19 gold pieces (gained 10).
A ball python comes into view.
The helpless ball python fails to defend itself.
You hit the ball python. The ball python barely misses you.
The ball python closely misses you.
The ball python bites you but does no damage.
The ball python barely misses you.
You hit the ball python.
You kill the ball python!
A jelly comes into view.
Unknown command.
Really walk into a travel-excluded area? [Y]es or [N]o only, please.
Really walk into a travel-excluded area?
An endoplasm comes into view.
You slash the jelly!
Your hands burn!
The jelly hits you but does no damage.
You take 4 damage, and have 16/20 hp.
You completely miss the jelly. The jelly hits you. The acid corrodes you!
You are splashed with acid!
Ouch! That really hurt!
* * * LOW HITPOINT WARNING * * *
You take 11 damage, and have 5/20 hp.
MASSIVE DAMAGE!!
Unknown command.
You barely miss the jelly. The jelly hits you.
* * * LOW HITPOINT WARNING * * *
You are splashed with acid!
You die...

....# #.. ##
#..... #....
##....J##.#.##
##....#....#..#
..............#
.......##....#
.........#...#
...#.......###
...#...#J@.#
.........###
#...$#...#
...##....##
....#....#
#......###
###......#
#.......###
...##.......#.##


You could see a jelly.

Vanquished Creatures
  An ufetubus (D:5)
  2 jackals (D:5)
  A ball python (D:4)
4 creatures vanquished.

Notes
Turn   | Place    | Note
-------+----------+-------------------------------------------
     0 | D:5      | sokol815 the Gargoyle Delver began the quest for the Orb.
     0 | D:5      | Reached XP level 1. HP: 14/14 MP: 1/1
     3 | D:5      | Found Giyzyher's Antique Weapon Shoppe.
    11 | D:5      | Noticed an ice beast
    19 | D:5      | Noticed a hornet
    22 | D:5      | Noticed a scorpion
    34 | D:5      | HP: 2/14 [ufetubus (2)]
    36 | D:5      | Reached skill level 2 in Axes
    39 | D:5      | HP: 1/14 [jackal (1)]
    40 | D:5      | Reached XP level 2. HP: 2/20 MP: 2/2
   380 | D:4      | HP: 3/20 [ufetubus (4)]
   686 | D:4      | HP: 5/20 [acid (10)]
   687 | D:4      | HP: 2/20 [jelly (3)]
   687 | D:4      | Splashed by a jelly's acid

Illustrated notes

Levels and vault maps discovered:
D:4:      layout_cave_pools, trog_three_pillars_becter, grunt_ministairs_5,
          uniq_edmund
D:5:      layout_gridville, temple_statues, serial_shops, shop,
          roderic_roman_lattice

Skill      XL: |  1 |
---------------+----+-----
Axes           | 2 |  2.0
Fighting       | |  3.7
Dodging        | |  1.5
Stealth        | |  5.4

Action                   || total
-------------------------++-------
Melee: Hand axe          ||    25
  Use: Potion            ||     1
       Scroll            ||     1
 Stab: Sleeping          ||     1
Armor: Leather armour    ||    21
Dodge: Dodged            ||    35

Table legend: (Time is in decaauts)
 A = Elapsed time spent in this place.
 B = Non-inter-level travel time spent in this place.
 C = Inter-level travel time spent in this place.
 D = Time resting spent in this place.
 E = Time spent auto-exploring this place.
 F = Levels seen in this place.
 G = Mean time per level.
                   A        B        C        D        E       F      G
               +--------+--------+--------+--------+--------+-----+--------+
         Total |    672 |    672 |      0 |    535 |      4 |   2 |  336.0 |
       Dungeon |    672 |    672 |      0 |    535 |      4 |   2 |  336.0 |
               +--------+--------+--------+--------+--------+-----+--------+

Top non-repeatable levels by time:
     D:5: 360 daAuts
     D:4: 312 daAuts

Table legend:
 A = Kills in this place as a percentage of kills in entire the game.
 B = Kills by you in this place as a percentage of kills by you in the entire game.
 C = Kills by friends in this place as a percentage of kills by friends in the entire game.
 D = Other kills in this place as a percentage of other kills in the entire game.
 E = Experience gained in this place as a percentage of experience gained in the entire game.
 F = Experience gained in this place divided by the number of levels of this place that you have seen.
                   A       B       C       D       E      F
               +-------+-------+-------+-------+-------+----------------------
         Total | 100.0 | 100.0 |   N/A |   N/A | 100.0 |   6.5
       Dungeon | 100.0 | 100.0 |   N/A |   N/A | 100.0 |   6.5
               +-------+-------+-------+-------+-------+----------------------
